 Dungeon Crawl Stone Soup version 0.24-a0-217-g1152973720 (webtiles) character file.

Game seed: 12056134465305814988

8107 Redear the Thaumaturge (level 11, -24/54 HPs)
             Began as a Deep Elf Fire Elementalist on Mar 30, 2019.
             Was a Priest of Vehumet.
             Annihilated by a death yak (32 damage)
             ... on level 9 of the Dungeon.
             The game lasted 00:54:36 (7990 turns).

Redear the Thaumaturge (Deep Elf Fire Elementalist) Turns: 7990, Time: 00:54:37

Health: -24/54     AC: 16    Str:  8    XL:     11   Next: 5%
Magic:  31/31      EV: 16    Int: 21    God:    Vehumet [***...]
Gold:   314        SH:  0    Dex: 19    Spells: 20/38 levels left

rFire    . . .     SeeInvis .   L - +2 quarterstaff (chaos)
rCold    . . .     Gourm    .   (shield currently unavailable)
rNeg     . . .     Faith    +   i - +4 troll leather armour {regen}
rPois    .         Spirit   .   f - +2 helmet
rElec    .         Reflect  .   K - +1 cloak {+Inv} {+Inv}
rCorr    .         Harm     .   O - +2 pair of gloves
MR       +....                  (no boots)
Stlth    ++........             M - amulet of faith {Faith, !P}
HPRegen  0.58/turn              u - +4 ring of dexterity
MPRegen  0.22/turn              B - ring of flight

@: hasted, very quick
A: no striking features
a: Renounce Religion, Evoke Invisibility, Evoke Flight


You were on level 9 of the Dungeon.
You worshipped Vehumet.
Vehumet was most pleased with you.
You were not hungry.

You visited 1 branch of the dungeon, and saw 9 of its levels.

You collected 440 gold pieces.
You spent 126 gold pieces at shops.

Inventory:

Hand Weapons
 j - a +2 short sword of freezing
 D - the +0 whip "Dezal" {slash, Str+4}
   (You found it on level 6 of the Dungeon)

   It inflicts extra damage upon your enemies.
   It affects your strength (+4).
 L - a +2 quarterstaff of chaos (weapon)
Missiles
 y - 5 needles of sleeping
 G - 3 needles of confusion
 I - 5 poisoned needles
 N - 3 tomahawks (quivered)
Armour
 f - a +2 helmet (worn)
 i - a +4 troll leather armour (worn) {regen}
 H - a +0 shield
 K - a +1 cloak of invisibility (worn) {+Inv}
 O - a +2 pair of gloves (worn)
Magical Staves
 z - an uncursed staff of death {rN+}
Jewellery
 u - a +4 ring of dexterity (left hand)
 B - a ring of flight (right hand)
 M - an amulet of faith (around neck) {Faith, !P}
Wands
 s - a wand of enslavement (20)
 v - a wand of flame (26)
Scrolls
 e - a scroll of vulnerability {unknown}
 h - a scroll of noise {unknown}
 t - 3 scrolls of teleportation
 w - 2 scrolls of magic mapping {!r}
 A - a scroll of random uselessness {unknown}
 C - a scroll of remove curse
 F - a scroll of blinking {unknown}
Potions
 b - a potion of curing
 d - a potion of agility {unknown}
 g - 2 potions of haste
 m - a potion of invisibility
 n - 2 potions of heal wounds {unknown}
 o - 2 potions of might
 p - 2 potions of degeneration {!q}
 q - 2 potions of mutation {!q}
 r - a potion of berserk rage {unknown}
 x - 2 potions of cancellation {unknown}
Comestibles
 c - 10 rations


   Skills:
 - Level 6.1 Dodging
 - Level 2.4 Stealth
 - Level 14.1 Spellcasting
 + Level 8.2 Conjurations
 - Level 6.1 Summonings
 + Level 9.0 Fire Magic


You had 20 spell levels left.
You knew the following spells:

 Your Spells              Type           Power        Failure   Level  Hunger
a - Flame Tongue          Conj/Fire      #####        1%          1    None
b - Summon Small Mammal   Summ           ####         1%          1    None
c - Conjure Flame         Conj/Fire      ######..     1%          3    None
f - Fireball              Conj/Fire      ######....   1%          5    ###....
g - Apportation           Tloc           ##....       6%          1    None
s - Sticky Flame          Conj/Fire      ######..     1%          4    None
x - Throw Flame           Conj/Fire      ######       1%          2    None
z - Animate Skeleton      Necr           N/A          6%          1    None

Your spell library contained the following spells:

 Spells                   Type           Power        Failure   Level  Hunger
 Fulminant Prism          Conj/Hex       ####......   3%          4    None
 Dazzling Spray           Conj/Hex       ####..       1%          3    None
 Inner Flame              Hex/Fire       ####....     1%          3    None
 Confusing Touch          Hex            ##....       6%          1    None
 Corona                   Hex            ##.....      6%          1    None
 Ensorcelled Hibernation  Hex/Ice        ##....       10%         2    None
 Confuse                  Hex            ##......     19%         3    None
 Tukima's Dance           Hex            ##......     19%         3    None


Dungeon Overview and Level Annotations

Branches:
Dungeon (9/15)             Temple (0/1) D:4            Lair (0/6) D:9
    Orc: D:9-12

Altars:
Ashenzari
Kikubaaqudgha
Makhleb
Ru
Trog
Vehumet
Xom

Shops:
D:6 ?   D:7 (


Message History

You take 2 damage, and have 28/54 hp.
Aim: a hippogriff (chance to defeat MR: 41%)
The hippogriff resists with some effort.
The death yak gores you!
* * * LOW HITPOINT WARNING * * *
You take 11 damage, and have 17/54 hp.
MASSIVE DAMAGE!!
Aim: a hippogriff (chance to defeat MR: 41%)
The hippogriff resists with some effort.
The death yak gores you!
* * * LOW HITPOINT WARNING * * *
The hippogriff misses you.
The hippogriff pecks you but does no damage.
The hippogriff closely misses you.
You take 9 damage, and have 8/54 hp.
Aim: a hippogriff (chance to defeat MR: 41%)
The hippogriff resists with some effort.
The death yak gores you!!
Ouch! That really hurt!
You die...

# # . # #. # +.
#################
#.
#.......Y.....Y..
..
#.###############
#..##.##Y#
......H@.#
##########


You could see a death yak (berserk) and a hippogriff.

Levels and vault maps discovered:
D:1:      minmay_arrival_stone_box, layout_basic
D:2:      layout_rooms, first_ration, st_stairs_3
D:3:      layout_basic, lemuel_round_altar, nicolae_ru_great_annihilating_truth
D:4:      layout_basic, vehumet_altar_wand_db, minmay_temple_entry_poolview,
          cheibrodos_ashenzari_chains
D:5:      layout_basic, uniq_duvessa, uniq_menkaure
D:6:      layout_basic, bloody_makhleb, serial_shops, shop
D:7:      layout_basic, tgw_trog, serial_shops, nicolae_shop_crystal,
          uniq_crazy_yiuf_cottage, uniq_pikel
D:8:      minmay_ornate_pinched, layout_loops_corners,
          overflow_temple_1_default, xom_redecorated, grunt_ogre_cave,
          nicolae_two_hexagons
D:9:      layout_loops_ring, tso_oasis_becter, dpeg_lair_monsters,
          chequers_serial_rivers_room_b, lightli_orcish_oven

Notes
Turn   | Place    | Note
-------+----------+-------------------------------------------
     0 | D:1      | Redear the Deep Elf Fire Elementalist began the quest for
                  | the Orb.
     0 | D:1      | Reached XP level 1. HP: 10/10 MP: 6/6
    48 | D:1      | Identified a +0 club
    93 | D:1      | Identified a +0 club
   224 | D:1      | Reached XP level 2. HP: 13/15 MP: 5/8
   266 | D:1      | Identified a +2 helmet (You found it on level 1 of the
                  | Dungeon)
   282 | D:1      | Identified a +2 short sword of freezing (You found it on
                  | level 1 of the Dungeon)
   542 | D:2      | Identified a +0 whip
   601 | D:2      | Identified a +0 club
   624 | D:2      | Identified a +0 short sword
   670 | D:2      | Identified a +0 whip
   695 | D:2      | Identified a +3 dagger
   805 | D:2      | Reached skill level 3 in Dodging
   805 | D:2      | Reached XP level 3. HP: 19/19 MP: 7/10
  1002 | D:3      | Learned a level 2 spell: Throw Flame
  1006 | D:3      | Learned a level 3 spell: Conjure Flame
  1095 | D:3      | Reached skill level 2 in Conjurations
  1109 | D:3      | Identified a cursed +0 short sword
  1146 | D:3      | Found a sacrificial altar of Ru.
  1152 | D:3      | Identified a +0 short sword
  1160 | D:3      | Reached skill level 4 in Fire Magic
  1272 | D:3      | Identified a +0 club
  1327 | D:3      | Identified a +0 dagger
  1358 | D:3      | Reached skill level 4 in Spellcasting
  1358 | D:3      | Reached XP level 4. HP: 24/24 MP: 9/12
  1387 | D:3      | Found a sacrificial altar of Ru.
  1602 | D:3      | Identified a ring of dexterity (You found it on level 3 of
                  | the Dungeon)
  1603 | D:3      | Identified a ring of teleportation (You found it on level 3
                  | of the Dungeon)
  1604 | D:3      | Identified 3 scrolls of identify
  1604 | D:3      | Identified 2 scrolls of enchant armour
  1605 | D:3      | Identified a scroll of teleportation
  1606 | D:3      | Identified a scroll of magic mapping
  1621 | D:4      | Found a radiant altar of Vehumet.
  1634 | D:4      | Became a worshipper of Vehumet
  1731 | D:4      | Reached XP level 5. HP: 18/28 MP: 2/13
  1748 | D:4      | Identified a scroll of remove curse
  1861 | D:4      | Found a shattered altar of Ashenzari.
  1881 | D:4      | Identified a +0 dagger
  1881 | D:4      | Identified a +0 leather armour
  1882 | D:4      | Identified a +0 hand axe
  1883 | D:4      | Identified a +0 club
  1883 | D:4      | Identified a +0 ring mail
  1986 | D:4      | Found a staircase to the Ecumenical Temple.
  2033 | D:4      | Reached skill level 3 in Conjurations
  2206 | D:5      | Entered Level 5 of the Dungeon
  2213 | D:5      | Identified a +0 giant club
  2213 | D:5      | Noticed an ogre
  2218 | D:5      | Killed an ogre
  2218 | D:5      | Reached skill level 5 in Spellcasting
  2325 | D:5      | Identified a ring of flight (You found it on level 5 of the
                  | Dungeon)
  2347 | D:5      | Reached skill level 5 in Fire Magic
  2347 | D:5      | Reached XP level 6. HP: 32/32 MP: 6/16
  2353 | D:5      | Learned a level 4 spell: Sticky Flame
  2391 | D:5      | Identified a +0 shortbow
  2530 | D:5      | Identified 4 potions of curing
  2530 | D:5      | HP: 8/32 [centaur/arrow (7)]
  2693 | D:5      | Reached skill level 4 in Conjurations
  2772 | D:5      | Identified a +0 dagger
  2772 | D:5      | Identified a cursed +0 robe
  2772 | D:5      | Noticed Dowan
  2879 | D:5      | Identified a +0 flail
  2879 | D:5      | Identified a +0 ring mail
  2906 | D:5      | Killed Dowan
  2906 | D:5      | Reached skill level 6 in Spellcasting
  2985 | D:5      | Identified a +0 short sword
  2985 | D:5      | Identified a +0 leather armour
  2985 | D:5      | Noticed Duvessa
  3003 | D:5      | Killed Duvessa
  3003 | D:5      | Reached XP level 7. HP: 20/36 MP: 0/18
  3235 | D:5      | Noticed Menkaure
  3238 | D:5      | Killed Menkaure
  3238 | D:5      | Reached skill level 6 in Fire Magic
  3316 | D:5      | Reached skill level 5 in Conjurations
  3326 | D:5      | Learned a level 5 spell: Fireball
  3398 | D:5      | Reached skill level 7 in Spellcasting
  3527 | D:5      | Identified a +0 mace
  3761 | D:6      | Found a burning altar of Makhleb.
  3775 | D:6      | Got a dazzling whip
  3781 | D:6      | Identified the +0 whip "Dezal" {slash, Str+4} (You found it
                  | on level 6 of the Dungeon)
  3887 | D:6      | Identified a +0 hand axe
  3890 | D:6      | Identified a +0 mace
  3890 | D:6      | Identified a +0 chain mail
  3916 | D:6      | Reached * piety under Vehumet
  3916 | D:6      | Offered knowledge of Shock by Vehumet.
  3916 | D:6      | Reached XP level 8. HP: 41/41 MP: 0/21
  3947 | D:6      | Identified a +0 club
  4101 | D:6      | Found Dukk's Magic Scroll Shop.
  4109 | D:6      | Bought a scroll of remove curse for 42 gold pieces
  4109 | D:6      | Bought 3 scrolls of identify for 84 gold pieces
  4109 | D:6      | Identified 2 potions of might
  4110 | D:6      | Identified 3 potions of haste
  4111 | D:6      | Identified 2 potions of degeneration
  4112 | D:6      | Identified a potion of invisibility
  4113 | D:6      | Identified 2 potions of mutation
  4152 | D:6      | Identified a cursed -2 giant club
  4153 | D:6      | Reached skill level 8 in Spellcasting
  4153 | D:6      | Reached skill level 6 in Conjurations
  4153 | D:6      | Reached skill level 7 in Fire Magic
  4581 | D:7      | Identified a +0 giant spiked club
  4664 | D:7      | Identified a +0 club
  4691 | D:7      | Learned a level 1 spell: Animate Skeleton
  4693 | D:7      | Learned a level 1 spell: Apportation
  4695 | D:7      | Learned a level 1 spell: Summon Small Mammal
  4745 | D:7      | Identified a +0 shortbow
  4755 | D:7      | Reached skill level 9 in Spellcasting
  4779 | D:7      | Identified a +0 animal skin
  4781 | D:7      | Identified a +1 whip of flaming
  4781 | D:7      | Identified a +0 robe
  4781 | D:7      | Noticed Pikel
  4781 | D:7      | Identified a +0 animal skin
  4781 | D:7      | Identified a +0 animal skin
  4788 | D:7      | Identified a +0 animal skin
  4837 | D:7      | Reached skill level 7 in Conjurations
  4852 | D:7      | Redear: @??slave
  4852 | D:7      | beem: slave (p)
                  | Spd:
    10 | HD: 5    | HP: 22-32
                  | AC/EV: 3/12
                  | | Dam: 10
                  | items, doors
                  | Res: magic(20)
                  | XP:
   129 | Sz:      | Medium
                  | Int: human.
  4866 | D:7      | Killed Pikel
  4866 | D:7      | Reached skill level 8 in Fire Magic
  4866 | D:7      | Reached XP level 9. HP: 42/45 MP: 7/24
  4894 | D:7      | Identified a +0 war axe
  5191 | D:7      | Found Olaneil's Weapon Shop.
  5326 | D:7      | Found a runed translucent door.
  5327 | D:7      | Identified a +2 quarterstaff of chaos
  5327 | D:7      | Identified a +1 cloak of invisibility
  5327 | D:7      | Noticed Crazy Yiuf
  5332 | D:7      | Killed Crazy Yiuf
  5407 | D:7      | Noticed a moth of wrath
  5410 | D:7      | Found a bloodstained altar of Trog.
  5535 | D:8      | Identified a +0 short sword
  5535 | D:8      | Identified a +0 chain mail
  5535 | D:8      | Identified a +0 hand axe
  5535 | D:8      | Identified a cursed -2 dagger
  5535 | D:8      | Identified a +0 robe
  5535 | D:8      | Identified a +0 dagger
  5535 | D:8      | Identified a +0 robe
  5634 | D:8      | Found an ancient bone altar of Kikubaaqudgha.
  5666 | D:8      | Reached skill level 1 in Summonings
  5672 | D:8      | Identified a cursed -2 giant club
  5672 | D:8      | Identified a +0 giant club
  5672 | D:8      | Noticed a two-headed ogre
  5685 | D:8      | Killed a two-headed ogre
  5685 | D:8      | Reached skill level 5 in Summonings
  5686 | D:8      | Identified a +0 shortbow
  5690 | D:8      | Reached skill level 6 in Summonings
  5762 | D:8      | Reached ** piety under Vehumet
  5762 | D:8      | Reached skill level 10 in Spellcasting
  5856 | D:8      | Identified a +0 falchion
  5856 | D:8      | Identified a +0 scale mail
  5856 | D:8      | Identified a +0 dagger
  5856 | D:8      | Identified a +0 robe
  5856 | D:8      | Identified a +0 giant club
  5857 | D:8      | Offered knowledge of Searing Ray by Vehumet.
  5857 | D:8      | Identified a +0 dire flail
  5857 | D:8      | Identified a +0 plate armour
  5911 | D:8      | Identified a +0 giant club
  5930 | D:8      | Identified a +0 mace
  5930 | D:8      | Identified a +0 ring mail
  5932 | D:8      | Identified a +0 ring mail
  5932 | D:8      | Identified a +0 club
  5932 | D:8      | Identified a +0 fustibalus
  5932 | D:8      | Identified a +2 chain mail of positive energy
  5932 | D:8      | Identified a +0 flail
  5932 | D:8      | Identified a +0 plate armour
  5978 | D:8      | Reached skill level 11 in Spellcasting
  5999 | D:8      | Reached XP level 10. HP: 29/50 MP: 1/27
  6148 | D:8      | Found a shimmering altar of Xom.
  6148 | D:8      | Found a shimmering altar of Xom.
  6149 | D:8      | Found a shimmering altar of Xom.
  6149 | D:8      | Found a shimmering altar of Xom.
  6149 | D:8      | Found a shimmering altar of Xom.
  6149 | D:8      | Found a shimmering altar of Xom.
  6237 | D:8      | HP: 10/50 [troll (10)]
  6244 | D:8      | Identified a +0 dagger
  6244 | D:8      | Identified a +0 robe
  6244 | D:8      | HP: 7/50 [orc wizard/magic dart (4)]
  6246 | D:8      | Identified 2 scrolls of fear
  6255 | D:8      | Identified a cursed +0 flail
  6255 | D:8      | Identified a +0 shortbow
  6255 | D:8      | Noticed a centaur warrior
  6263 | D:8      | Identified a +0 dire flail
  6263 | D:8      | Identified a +0 chain mail
  6268 | D:8      | Identified a +0 leather armour
  6269 | D:8      | Identified a +0 long sword
  6269 | D:8      | Identified a +0 shortbow
  6269 | D:8      | Identified a +0 plate armour
  6271 | D:8      | Identified a +0 giant club
  6520 | D:8      | Identified a +0 troll leather armour
  6778 | D:8      | Killed a centaur warrior
  6778 | D:8      | Reached skill level 12 in Spellcasting
  6905 | D:8      | Identified an amulet of faith (You found it on level 8 of
                  | the Dungeon)
  6928 | D:8      | Identified a +0 giant club
  6934 | D:8      | Reached skill level 13 in Spellcasting
  6971 | D:8      | Identified a +0 whip
  6971 | D:8      | Identified a +0 leather armour
  6982 | D:8      | Offered knowledge of Mephitic Cloud by Vehumet.
  6984 | D:8      | Identified a +0 morningstar
  7178 | D:8      | Reached *** piety under Vehumet
  7319 | D:8      | Identified a +0 pair of gloves (You found it on level 8 of
                  | the Dungeon)
  7378 | D:9      | Reached skill level 4 in Dodging
  7406 | D:9      | Identified a +0 flail
  7406 | D:9      | Identified a +0 flail
  7410 | D:9      | Identified a +0 falchion
  7410 | D:9      | Identified a +0 ring mail
  7411 | D:9      | Identified a +0 dagger of venom
  7445 | D:9      | Identified a +0 whip
  7448 | D:9      | Identified a +0 club
  7450 | D:9      | Identified a +0 whip
  7450 | D:9      | Identified a +0 leather armour
  7451 | D:9      | Identified a +0 flail
  7455 | D:9      | Identified a cursed +0 whip
  7468 | D:8      | Offered knowledge of Fulminant Prism by Vehumet.
  7600 | D:9      | Found a staircase to the Lair.
  7602 | D:9      | Noticed a death yak
  7602 | D:9      | Noticed a death yak
  7602 | D:9      | Noticed a death yak
  7610 | D:9      | Reached skill level 5 in Dodging
  7615 | D:9      | Identified a +0 shortbow
  7616 | D:9      | Killed a death yak
  7616 | D:9      | Reached skill level 6 in Dodging
  7616 | D:9      | Reached skill level 14 in Spellcasting
  7862 | D:9      | Reached skill level 8 in Conjurations
  7862 | D:9      | Reached XP level 11. HP: 31/54 MP: 25/31
  7953 | D:9      | Reached skill level 9 in Fire Magic
  7989 | D:9      | HP: 8/54 [death yak (9)]
  7990 | D:9      | Annihilated by a death yak

Table legend:
 A = Turns spent in this place as a percentage of turns spent in the entire game.
 B = Non-inter-level travel turns spent in this place as a percentage of non-inter-level travel turns spent in the entire game.
 C = Inter-level travel turns spent in this place as a percentage of turns spent in this place.
 D = Turns resting spent in this place as a percentage of non-inter-level travel turns spent in this place.
 E = Turns spent auto-exploring this place as a percentage of non-inter-level travel turns spent in this place.
 F = Non-inter-level travel turns spent in this place divided by the number of levels of this place that you've seen.
                   A       B       C       D       E      F
               +-------+-------+-------+-------+-------+----------------------
         Total | 100.0 | 100.0 |   3.9 |  21.7 |  47.2 | 853.4
       Dungeon | 100.0 | 100.0 |   3.9 |  21.7 |  47.2 | 853.4
               +-------+-------+-------+-------+-------+----------------------

Table legend:
 A = Kills in this place as a percentage of kills in entire the game.
 B = Kills by you in this place as a percentage of kills by you in the entire game.
 C = Kills by friends in this place as a percentage of kills by friends in the entire game.
 D = Other kills in this place as a percentage of other kills in the entire game.
 E = Experience gained in this place as a percentage of experience gained in the entire game.
 F = Experience gained in this place divided by the number of levels of this place that you have seen.
                   A       B       C       D       E      F
               +-------+-------+-------+-------+-------+----------------------
         Total | 100.0 | 100.0 |   N/A |   N/A | 100.0 | 1286.9
       Dungeon | 100.0 | 100.0 |   N/A |   N/A | 100.0 | 1286.9
               +-------+-------+-------+-------+-------+----------------------

Skill      XL: |  1  2  3  4  5  6  7  8  9 10 11 |
---------------+----------------------------------+-----
Dodging        | 3 6 |  6.1
Conjurations   | 2 3 4 5 7 8 |  8.2
Fire Magic     | 4 5 6 8 9 |  9.0
Spellcasting   | 4 5 6 7 9 11 14 | 14.1
Summonings     | 6 |  6.1
Stealth        | |  2.4

Action                   |  1- 3 |  4- 6 |  7- 9 | 10-12 || total
-------------------------+-------+-------+-------+-------++-------
Melee: Short sword       |     8 |     8 |     3 |       ||    19
       Quarterstaff      |       |       |    15 |    29 ||    44
 Cast: Flame Tongue      |    71 |    21 |    44 |    20 ||   156
       Throw Flame       |       |    60 |    80 |    56 ||   196
       Sticky Flame      |       |     4 |    16 |    10 ||    30
       Animate Skeleton  |       |       |     2 |       ||     2
       Fireball          |       |       |    14 |    22 ||    36
       Summon Small Mamm |       |       |     5 |    10 ||    15
       Conjure Flame     |       |       |       |     6 ||     6
Evoke: Wand              |       |       |       |     4 ||     4
  Use: Scroll            |       |     5 |     5 |    10 ||    20
       Potion            |       |     3 |       |     1 ||     4
 Stab: Sleeping          |     1 |       |     1 |       ||     2
       Invisible         |     1 |       |       |       ||     1
       Paralysed         |       |       |       |     3 ||     3
       Confused          |       |       |       |     2 ||     2
  Eat: Chunk             |     1 |     5 |    14 |     6 ||    26
       Ration            |       |       |       |     1 ||     1
Armor: Robe              |     6 |    11 |    11 |     2 ||    30
       Troll leather arm |       |       |       |     9 ||     9
Dodge: Dodged            |    19 |    23 |    47 |    40 ||   129

Vanquished Creatures
  A centaur warrior (D:8)
  A two-headed ogre (D:8)
  A death yak (D:9)
  Pikel (D:7)
  A troll (D:8)
  A hippogriff (D:8)
  10 yaks (D:9)
  2 hungry ghosts
  Menkaure (D:5)
  Duvessa (D:5)
  A water moccasin (D:7)
  5 orc warriors
  3 ice beasts
  A sky beast (D:6)
  3 slaves (D:7)
  6 ogres
  A phantom (D:5)
  3 centaurs
  4 bullfrogs
  Dowan (D:5)
  12 killer bees
  2 howler monkeys
  A crimson imp (D:8)
  An orc priest (D:8)
  Crazy Yiuf (D:7)
  A gnoll shaman (D:8)
  2 hounds
  A bullfrog skeleton (D:6)
  3 iguanas
  4 orc wizards (D:8)
  6 worker ants
  A killer bee zombie (D:7)
  A hound zombie (D:7)
  2 hound skeletons
  A howler monkey zombie (D:9)
  A worker ant zombie (D:8)
  3 gnolls (D:9)
  7 adders
  2 shadow imps
  An adder zombie (D:9)
  An adder skeleton (D:8)
  2 worms
  A dart slug (D:2)
  5 leopard geckos
  21 orcs
  7 giant cockroaches
  3 goblins
  6 hobgoblins
  5 jackals
  A quokka (D:3)
  2 ball pythons
  7 bats
  5 frilled lizards
  9 kobolds
  A leopard gecko zombie (D:5)
  10 rats
187 creatures vanquished.
